 Dungeon Crawl Stone Soup version 0.30-b1-2-g02819fbbbe (webtiles) character file.

Game seed: 989960525849802973

44 raph the Stinger (level 3, -2/19 HPs)
             Began as a Deep Elf Venom Mage on Aug 27, 2023.
             Slain by Jessica
             ... wielding a +2 dagger of protection
              (5 damage)
             ... on level 2 of the Dungeon.
             The game lasted 00:02:42 (1598 turns).

raph the Stinger (Deep Elf Venom Mage)              Turns: 1598, Time: 00:02:43

Health: -2/19      AC:  2    Str:  5    XL:     3   Next: 39%
Magic:  0/9        EV: 12    Int: 21    God:
Gold:   66         SH:  0    Dex: 15    Spells: 5/8 levels left

rFire   . . .        d - +0 short sword
rCold   . . .        (no shield)
rNeg    . . .        a - +0 robe
rPois   .            (no helmet)
rElec   .            (no cloak)
rCorr   .            (no gloves)
SInv    .            (no boots)
Will    .....        (no amulet)
Stlth   ++           (no ring)
HPRegen 0.23/turn    (no ring)
MPRegen 0.11/turn

%: no passive effects
@: no status effects
A: no striking features
a: no special abilities


You were on level 2 of the Dungeon.
You visited 1 branch of the dungeon, and saw 2 of its levels.

You collected 66 gold pieces.

Inventory:

Hand Weapons
 d - a +0 short sword (weapon)
Armour
 a - a +0 robe (worn)
Scrolls
 e - a scroll of brand weapon {unknown}
 f - a scroll of vulnerability {unknown}
Potions
 b - a potion of magic
 c - a potion of degeneration {unknown}


   Skills:
 - Level 2.4 Dodging
 - Level 2.4 Stealth
 - Level 3.0 Spellcasting
 - Level 1.1 Transmutations
 + Level 5.0 Poison Magic


You had 5 spell levels left.
You knew the following spells:

 Your Spells              Type           Power      Damage    Failure   Level
a - Sting                 Tmut/Pois      60%        1d6       3%          1
b - Poisonous Vapours     Pois/Air       26%        N/A       7%          2

Your spell library contained the following spells:

 Spells                   Type           Power      Damage    Failure   Level
 Olgreb's Toxic Radiance  Pois           24%        N/A       17%         4
 Mephitic Cloud           Conj/Pois/Air  10%        N/A       21%         3


Dungeon Overview and Level Annotations

Branches:
Dungeon (2/15)

Altars:

Annotations:
D:2 Jessica


Message History

You are very lightly contaminated with residual magic.
Nothing appears to happen.
Casting: Poisonous Vapours (safe; 7% risk of failure)
Confirm with . or Enter, or press ? or * to list all spells.
Aiming: Poisonous Vapours (safe; 7% risk of failure)
Press: ? - help, Dir - move target, f/p - Jessica
Aim: Jessica, wielding a +2 dagger of protection and wearing a +0 robe (fast) Poisonous vapours surround Jessica!
Jessica is poisoned.
Jessica mumbles some strange words.
Jessica blinks!
Casting: Poisonous Vapours (safe; 7% risk of failure)
Confirm with . or Enter, or press ? or * to list all spells.
Aiming: Poisonous Vapours (safe; 7% risk of failure)
Press: ? - help, Dir - move target, f/p - Jessica
Aim: Jessica, wielding a +2 dagger of protection and wearing a +0 robe (fast, poisoned) Poisonous vapours surround Jessica!
Jessica looks even sicker.
Your magical contamination has completely faded away.
Okay, then.
Okay, then.
You aren't carrying any items that you can evoke.
Casting: Poisonous Vapours (safe; 7% risk of failure)
Confirm with . or Enter, or press ? or * to list all spells.
Aiming: Poisonous Vapours (safe; 7% risk of failure)
Press: ? - help, Dir - move target, f/p - Jessica
Aim: Jessica, wielding a +2 dagger of protection and wearing a +0 robe (moderately wounded, fast, very poisoned) Poisonous vapours surround Jessica!
Jessica looks even sicker.
Casting: Poisonous Vapours (safe; 7% risk of failure)
Confirm with . or Enter, or press ? or * to list all spells.
Aiming: Poisonous Vapours (safe; 7% risk of failure)
Press: ? - help, Dir - move target, f/p - Jessica
Aim: Jessica, wielding a +2 dagger of protection and wearing a +0 robe (heavily wounded, fast, very poisoned) Poisonous vapours surround Jessica!
Jessica looks even sicker.
Jessica attacks as you move away!
Jessica hits you with a +2 dagger of protection.
* * * LOW HITPOINT WARNING * * *
You don't have enough magic to cast this spell.
Unknown command.
Jessica attacks as you move away!
Jessica hits you with a +2 dagger of protection.
You die...

# ..... #. #.#.> #.
..#.# .. #.#.# .###
#.#.# ..####.#.#
#.#......# #
##<#.##.#.# .#
#†......#@# ..#
#<#####.#@# ...
###.....#.# ..#
#.........########...#
#....##......@......###
#..÷.##..###.....†....#
#.÷. #...# #.########.#
##. ###)# #.# #.###
#.###.#####


You could see Jessica (fast, very poisoned).

Vanquished Creatures
  An adder (D:1)
  5 ball pythons (D:1)
  3 bats (D:1)
  4 endoplasms (D:1)
  A giant cockroach (D:1)
  A hobgoblin (D:1)
  6 kobolds (D:1)
  A quokka (D:1)
  14 frilled lizards
  3 rats (D:1)
39 creatures vanquished.

Vanquished Creatures (others)
  7 plants (D:2)
7 creatures vanquished.

Grand Total: 46 creatures vanquished

Notes
Turn   | Place    | Note
-------+----------+-------------------------------------------
     0 | D:1      | raph the Deep Elf Venom Mage began the quest for the Orb.
     0 | D:1      | Reached XP level 1. HP: 10/10 MP: 6/6
   230 | D:1      | Reached skill level 4 in Poison Magic
   230 | D:1      | Reached XP level 2. HP: 15/15 MP: 4/8
   495 | D:1      | Learned a level 2 spell: Poisonous Vapours
  1049 | D:1      | Reached XP level 3. HP: 17/19 MP: 1/9
  1546 | D:2      | Reached skill level 5 in Poison Magic
  1582 | D:2      | Noticed Jessica
  1598 | D:2      | Slain by Jessica

Illustrated notes

Levels and vault maps discovered:
D:1:      denvon_arrival_planthouse, layout_loops_ring,
          hangedman_decor_slide_cut
D:2:      layout_loops_ring, fountainhead, minmay_lizard_king, uniq_natasha,
          uniq_jessica

Skill      XL: |  1  2  3 |
---------------+----------+-----
Poison Magic   | 4 5 |  5.0
Dodging        | |  2.4
Stealth        | |  2.4
Spellcasting   | |  3.0
Transmutations | |  1.1

Action                     || total
---------------------------++-------
  Melee: Short sword       ||     9
   Cast: Sting             ||    38
         Poisonous Vapours ||    27
 Armour: Robe              ||     8
  Dodge: Dodged            ||    18
